 Dungeon Sprint DCSS version 0.31-a0-7-g51783674b7 (webtiles) character file.

Game seed: 13766790306166117687

450 sircluck the Fighter (level 7, -10/70 HPs)
             Began as a Hill Orc Fighter on May 5, 2023.
             Mangled by a slime creature (18 damage)
             ... in the Dungeon (Sprint I: "Red Sonja").
             The game lasted 00:01:02 (251 turns).

sircluck the Fighter (Hill Orc Fighter)              Turns: 251, Time: 00:01:03

Health: -10/70     AC:  8    Str: 21    XL:     7   Next: 4%
Magic:  7/7        EV:  9    Int:  8    God:
Gold:   297        SH:  6    Dex: 10    Spells: 6/6 levels left

rFire   . . .        a - +0 war axe
rCold   . . .        c - +0 buckler
rNeg    . . .        b - +0 scale mail
rPois   .            (no helmet)
rElec   .            (no cloak)
rCorr   .            (no gloves)
SInv    .            (no boots)
Will    .....        (no amulet) Stlth
                     (no ring)
HPRegen 0.31/turn    (no ring)
MPRegen 0.10/turn

%: no teleportation
@: no status effects
A: no striking features
a: no special abilities


You were in the Dungeon.
You visited 1 branch You collected 297 gold pieces.

Inventory:

Hand Weapons
 a - a +0 war axe (weapon)
Missiles
 l - 4 stones (quivered)
Armour
 b - a +0 scale mail (worn)
 c - a +0 buckler (worn)
Scrolls
 j - a scroll of blinking
 m - a scroll of identify {unknown}
Potions
 d - a potion of might
 e - a potion of curing
 f - 2 potions of heal wounds
 g - a potion of haste
 h - 2 potions of magic
 i - a potion of berserk rage
 k - a potion of attraction {unknown}


   Skills:
 + Level 9.4 Fighting
 + Level 7.4 Axes
 + Level 9.1 Armour
 + Level 1.7 Stealth
 + Level 9.1 Shields
 + Level 2.6 Unarmed Combat


You had 6 spell levels left.
You didn't know any spells.
Your spell library was empty.

Dungeon Overview and Level Annotations

Branches:
Dungeon (1/1)

Altars:
Cheibriados
Dithmenos
Elyvilon
Fedhas
Gozag
Hepliaklqana
Kikubaaqudgha
Makhleb
Nemelex Xobeh
Okawaru
Qazlal
Ru
Sif Muna
Trog
Uskayaw
Vehumet
Wu Jian
Xom
Yredelemnul
Zin
The Shining One
Jiyva
Lugonu

Shops:
D =


Message History

You open the door.
A slime creature comes into view.
The slime creature quivers.
Found four altars.
The slime creature closely misses you.
There is an open door here.
You slash the slime creature!
The slime creature is lightly wounded.
The slime creature hits you! x2
You slash the slime creature!
The slime creature is moderately wounded.
The slime creature hits you!
You hit the slime creature.
The slime creature is heavily wounded.
The slime creature barely misses you.
You hit the slime creature but do no damage.
The slime creature is moderately wounded.
The slime creature hits you!
* * * LOW HITPOINT WARNING * * *
The slime creature attacks as you move away!
The slime creature barely misses you.
You hit the slime creature but do no damage.
The slime creature is moderately wounded.
The slime creature hits you but does no damage.
The slime creature attacks as you move away!
The slime creature hits you but does no damage.
You slash the slime creature!
The slime creature is heavily wounded.
The slime creature hits you.
* * * LOW HITPOINT WARNING * * *
There is an open door here.
You slice the slime creature!!
The slime creature is severely wounded.
The slime creature hits you.
* * * LOW HITPOINT WARNING * * *
You slash the slime creature!
The slime creature is almost dead.
The slime creature hits you but does no damage.
The slime creature hits you!!
You die...

###################
#<.#..)..#..J..#__#
#..)..#..')@#..'..+
#..#####'#####'#__#
#..####..#...#.####
#..#__####..##.#
#..#_____##'#_.+
#⌠⌠#_.∩...'..._#
####_..__##_.#'#
#_____###+#.#
####### ###


You could see a slime creature.

Vanquished Creatures
  Sigmund (D)
  A yak (D)
  An ogre (D)
  A jelly (D)
  Ijyb (D)
5 creatures vanquished.

Notes
Turn   | Place    | Note
-------+----------+-------------------------------------------
     0 | D        | sircluck the Hill Orc Fighter began the quest for the Orb.
     0 | D        | Reached XP level 1. HP: 19/19 MP: 1/1
     1 | D        | Noticed Ijyb
     8 | D        | Killed Ijyb
     9 | D        | Reached skill level 5 in Fighting
     9 | D        | Reached XP level 2. HP: 29/29 MP: 2/2
     9 | D        | Reached XP level 3. HP: 36/36 MP: 3/3
    28 | D        | Noticed an ogre
    34 | D        | Killed an ogre
    35 | D        | Reached skill level 1 in Unarmed Combat
    35 | D        | Reached XP level 4. HP: 21/45 MP: 4/4
   133 | D        | Noticed Sigmund
   142 | D        | Killed Sigmund
   143 | D        | Reached skill level 1 in Stealth
   143 | D        | Reached XP level 5. HP: 51/56 MP: 5/5
   143 | D        | Reached XP level 6. HP: 56/62 MP: 6/6
   174 | D        | Found an ornate altar of the Wu Jian Council.
   174 | D        | Found a shimmering blue altar of Sif Muna.
   176 | D        | Found a radiant altar of Vehumet.
   215 | D        | Found Mipryibe's Jewellery Emporium.
   215 | D        | Found an ancient bone altar of Kikubaaqudgha.
   215 | D        | Found a hazy altar of Hepliaklqana.
   215 | D        | Found a stormy altar of Qazlal.
   215 | D        | Found a hide-covered altar of Uskayaw.
   215 | D        | Found a blossoming altar of Fedhas.
   215 | D        | Found a bloodstained altar of Trog.
   215 | D        | Found an iron altar of Okawaru.
   215 | D        | Found a basalt altar of Yredelemnul.
   215 | D        | Found a glowing golden altar of the Shining One.
   215 | D        | Found a snail-covered altar of Cheibriados.
   215 | D        | Found a sacrificial altar of Ru.
   215 | D        | Found a glowing silver altar of Zin.
   215 | D        | Found a shadowy altar of Dithmenos.
   215 | D        | Found a white marble altar of Elyvilon.
   215 | D        | Noticed a yak
   221 | D        | Killed a yak
   222 | D        | Reached XP level 7. HP: 57/70 MP: 7/7
   222 | D        | Found an opulent altar of Gozag.
   223 | D        | Found a sparkling altar of Nemelex Xobeh.
   238 | D        | Found a burning altar of Makhleb.
   238 | D        | Found a viscous altar of Jiyva.
   238 | D        | Found a shimmering altar of Xom.
   238 | D        | Found a corrupted altar of Lugonu.
   238 | D        | Noticed a slime creature
   251 | D        | Mangled by a slime creature

Illustrated notes

Levels and vault maps discovered:
D:        dungeon_sprint_1 [red_sonja_temple_1, red_sonja_temple_small_1]

Skill      XL: |  1  2  3  4  5  6 |
---------------+-------------------+-----
Fighting       | 5 6 8 9 |  9.4
Axes           | 3 4 6 7 |  7.4
Armour         | 4 6 7 9 |  9.1
Shields        | 4 6 8 9 |  9.1
Unarmed Combat | 1 2 |  2.6
Stealth        | 1 |  1.7

Action                     |  1- 3 |  4- 6 |  7- 9 || total
---------------------------+-------+-------+-------++-------
  Melee: Unarmed           |     4 |       |       ||     4
         War axe           |     5 |    16 |     8 ||    29
  Evoke: Wand              |     1 |       |       ||     1
   Stab: Confused          |     1 |       |       ||     1
 Armour: Scale mail        |       |     2 |     3 ||     5
  Dodge: Dodged            |     3 |     5 |     3 ||    11
  Block: Buckler           |     2 |     3 |       ||     5

Table legend: (Time is in decaauts)
 A = Elapsed time spent in this place.
 B = Non-inter-level travel time spent in this place.
 C = Inter-level travel time spent in this place.
 D = Time resting spent in this place.
 E = Time spent auto-exploring this place.
 F = Levels seen in this place.
 G = Mean time per level.
                   A        B        C        D        E       F      G
               +--------+--------+--------+--------+--------+-----+--------+
         Total |    257 |    246 |     11 |     14 |    130 |   1 |  257.0 |
       Dungeon |    257 |    246 |     11 |     14 |    130 |   1 |  257.0 |
               +--------+--------+--------+--------+--------+-----+--------+

Top non-repeatable levels by time:
       D: 257 daAuts
